%YAML 1.1
%TAG !u! tag:unity3d.com,2011:
--- !u!1 &4598918441504192529
GameObject:
  m_ObjectHideFlags: 0
  m_CorrespondingSourceObject: {fileID: 0}
  m_PrefabInstance: {fileID: 0}
  m_PrefabAsset: {fileID: 0}
  serializedVersion: 6
  m_Component:
  - component: {fileID: 1157214311424509650}
  - component: {fileID: 5986153666894050376}
  m_Layer: 0
  m_Name: Poravnavanje
  m_TagString: Untagged
  m_Icon: {fileID: 0}
  m_NavMeshLayer: 0
  m_StaticEditorFlags: 0
  m_IsActive: 1
--- !u!4 &1157214311424509650
Transform:
  m_ObjectHideFlags: 0
  m_CorrespondingSourceObject: {fileID: 0}
  m_PrefabInstance: {fileID: 0}
  m_PrefabAsset: {fileID: 0}
  m_GameObject: {fileID: 4598918441504192529}
  m_LocalRotation: {x: -0, y: -0, z: -0, w: 1}
  m_LocalPosition: {x: 0, y: 0, z: 0}
  m_LocalScale: {x: 1, y: 1, z: 1}
  m_Children:
  - {fileID: 9083902436503674058}
  - {fileID: 4648015014277954392}
  - {fileID: 6073911614143290914}
  - {fileID: 2186371421908708878}
  - {fileID: 8119827319297444311}
  m_Father: {fileID: 5874413767696601022}
  m_RootOrder: 0
  m_LocalEulerAnglesHint: {x: 0, y: 0, z: 0}
--- !u!156049354 &5986153666894050376
Grid:
  m_ObjectHideFlags: 0
  m_CorrespondingSourceObject: {fileID: 0}
  m_PrefabInstance: {fileID: 0}
  m_PrefabAsset: {fileID: 0}
  m_GameObject: {fileID: 4598918441504192529}
  m_Enabled: 1
  m_CellSize: {x: 0.01, y: 0.01, z: 0.01}
  m_CellGap: {x: 0, y: 0, z: 0}
  m_CellLayout: 0
  m_CellSwizzle: 0
--- !u!114 &4650861509444366981
MonoBehaviour:
  m_ObjectHideFlags: 0
  m_CorrespondingSourceObject: {fileID: 0}
  m_PrefabInstance: {fileID: 0}
  m_PrefabAsset: {fileID: 0}
  m_GameObject: {fileID: 4648015014277954393}
  m_Enabled: 1
  m_EditorHideFlags: 0
  m_Script: {fileID: 11500000, guid: 38d32a2f82ec1de47aedfc84b1a0367c, type: 3}
  m_Name: 
  m_EditorClassIdentifier: 
--- !u!1 &5874413767696601023
GameObject:
  m_ObjectHideFlags: 0
  m_CorrespondingSourceObject: {fileID: 0}
  m_PrefabInstance: {fileID: 0}
  m_PrefabAsset: {fileID: 0}
  serializedVersion: 6
  m_Component:
  - component: {fileID: 5874413767696601022}
  m_Layer: 0
  m_Name: LCluster3
  m_TagString: Untagged
  m_Icon: {fileID: 0}
  m_NavMeshLayer: 0
  m_StaticEditorFlags: 0
  m_IsActive: 1
--- !u!4 &5874413767696601022
Transform:
  m_ObjectHideFlags: 0
  m_CorrespondingSourceObject: {fileID: 0}
  m_PrefabInstance: {fileID: 0}
  m_PrefabAsset: {fileID: 0}
  m_GameObject: {fileID: 5874413767696601023}
  m_LocalRotation: {x: 0, y: 0, z: 0, w: 1}
  m_LocalPosition: {x: 0, y: 0, z: 0}
  m_LocalScale: {x: 1, y: 1, z: 1}
  m_Children:
  - {fileID: 1157214311424509650}
  m_Father: {fileID: 0}
  m_RootOrder: 0
  m_LocalEulerAnglesHint: {x: 0, y: 0, z: 0}
--- !u!1001 &937701552429850415
PrefabInstance:
  m_ObjectHideFlags: 0
  serializedVersion: 2
  m_Modification:
    m_TransformParent: {fileID: 1157214311424509650}
    m_Modifications:
    - target: {fileID: 1393001661345493280, guid: d2a24cf35ad3b9440bcf363362a98747,
        type: 3}
      propertyPath: m_Name
      value: Room TR (1)
      objectReference: {fileID: 0}
    - target: {fileID: 1393001661345493281, guid: d2a24cf35ad3b9440bcf363362a98747,
        type: 3}
      propertyPath: m_LocalPosition.x
      value: -8
      objectReference: {fileID: 0}
    - target: {fileID: 1393001661345493281, guid: d2a24cf35ad3b9440bcf363362a98747,
        type: 3}
      propertyPath: m_LocalPosition.y
      value: 0
      objectReference: {fileID: 0}
    - target: {fileID: 1393001661345493281, guid: d2a24cf35ad3b9440bcf363362a98747,
        type: 3}
      propertyPath: m_LocalPosition.z
      value: 0
      objectReference: {fileID: 0}
    - target: {fileID: 1393001661345493281, guid: d2a24cf35ad3b9440bcf363362a98747,
        type: 3}
      propertyPath: m_LocalRotation.x
      value: 0
      objectReference: {fileID: 0}
    - target: {fileID: 1393001661345493281, guid: d2a24cf35ad3b9440bcf363362a98747,
        type: 3}
      propertyPath: m_LocalRotation.y
      value: 0
      objectReference: {fileID: 0}
    - target: {fileID: 1393001661345493281, guid: d2a24cf35ad3b9440bcf363362a98747,
        type: 3}
      propertyPath: m_LocalRotation.z
      value: 0
      objectReference: {fileID: 0}
    - target: {fileID: 1393001661345493281, guid: d2a24cf35ad3b9440bcf363362a98747,
        type: 3}
      propertyPath: m_LocalRotation.w
      value: 1
      objectReference: {fileID: 0}
    - target: {fileID: 1393001661345493281, guid: d2a24cf35ad3b9440bcf363362a98747,
        type: 3}
      propertyPath: m_RootOrder
      value: 3
      objectReference: {fileID: 0}
    - target: {fileID: 1393001661345493281, guid: d2a24cf35ad3b9440bcf363362a98747,
        type: 3}
      propertyPath: m_LocalEulerAnglesHint.x
      value: 0
      objectReference: {fileID: 0}
    - target: {fileID: 1393001661345493281, guid: d2a24cf35ad3b9440bcf363362a98747,
        type: 3}
      propertyPath: m_LocalEulerAnglesHint.y
      value: 0
      objectReference: {fileID: 0}
    - target: {fileID: 1393001661345493281, guid: d2a24cf35ad3b9440bcf363362a98747,
        type: 3}
      propertyPath: m_LocalEulerAnglesHint.z
      value: 0
      objectReference: {fileID: 0}
    - target: {fileID: 3896265794236250049, guid: d2a24cf35ad3b9440bcf363362a98747,
        type: 3}
      propertyPath: reachable
      value: 0
      objectReference: {fileID: 0}
    - target: {fileID: 3896265794236250049, guid: d2a24cf35ad3b9440bcf363362a98747,
        type: 3}
      propertyPath: securityAddon
      value: 
      objectReference: {fileID: 5921790086827840404}
    - target: {fileID: 6599887360916191983, guid: d2a24cf35ad3b9440bcf363362a98747,
        type: 3}
      propertyPath: reachable
      value: 0
      objectReference: {fileID: 0}
    - target: {fileID: 6599887360916191983, guid: d2a24cf35ad3b9440bcf363362a98747,
        type: 3}
      propertyPath: securityAddon
      value: 
      objectReference: {fileID: 2589342573821464788}
    m_RemovedComponents: []
  m_SourcePrefab: {fileID: 100100000, guid: d2a24cf35ad3b9440bcf363362a98747, type: 3}
--- !u!4 &2186371421908708878 stripped
Transform:
  m_CorrespondingSourceObject: {fileID: 1393001661345493281, guid: d2a24cf35ad3b9440bcf363362a98747,
    type: 3}
  m_PrefabInstance: {fileID: 937701552429850415}
  m_PrefabAsset: {fileID: 0}
--- !u!1 &2589342573821464788 stripped
GameObject:
  m_CorrespondingSourceObject: {fileID: 3381169513398882299, guid: d2a24cf35ad3b9440bcf363362a98747,
    type: 3}
  m_PrefabInstance: {fileID: 937701552429850415}
  m_PrefabAsset: {fileID: 0}
--- !u!1 &5921790086827840404 stripped
GameObject:
  m_CorrespondingSourceObject: {fileID: 6858153396107758779, guid: d2a24cf35ad3b9440bcf363362a98747,
    type: 3}
  m_PrefabInstance: {fileID: 937701552429850415}
  m_PrefabAsset: {fileID: 0}
--- !u!1001 &5124588195184881411
PrefabInstance:
  m_ObjectHideFlags: 0
  serializedVersion: 2
  m_Modification:
    m_TransformParent: {fileID: 1157214311424509650}
    m_Modifications:
    - target: {fileID: 1393001661345493280, guid: 390738c66bab1d64fa490e205f41a30f,
        type: 3}
      propertyPath: m_Name
      value: Room LR (3)
      objectReference: {fileID: 0}
    - target: {fileID: 1393001661345493281, guid: 390738c66bab1d64fa490e205f41a30f,
        type: 3}
      propertyPath: m_LocalPosition.x
      value: -4
      objectReference: {fileID: 0}
    - target: {fileID: 1393001661345493281, guid: 390738c66bab1d64fa490e205f41a30f,
        type: 3}
      propertyPath: m_LocalPosition.y
      value: 0
      objectReference: {fileID: 0}
    - target: {fileID: 1393001661345493281, guid: 390738c66bab1d64fa490e205f41a30f,
        type: 3}
      propertyPath: m_LocalPosition.z
      value: 0
      objectReference: {fileID: 0}
    - target: {fileID: 1393001661345493281, guid: 390738c66bab1d64fa490e205f41a30f,
        type: 3}
      propertyPath: m_LocalRotation.x
      value: 0
      objectReference: {fileID: 0}
    - target: {fileID: 1393001661345493281, guid: 390738c66bab1d64fa490e205f41a30f,
        type: 3}
      propertyPath: m_LocalRotation.y
      value: 0
      objectReference: {fileID: 0}
    - target: {fileID: 1393001661345493281, guid: 390738c66bab1d64fa490e205f41a30f,
        type: 3}
      propertyPath: m_LocalRotation.z
      value: 0
      objectReference: {fileID: 0}
    - target: {fileID: 1393001661345493281, guid: 390738c66bab1d64fa490e205f41a30f,
        type: 3}
      propertyPath: m_LocalRotation.w
      value: 1
      objectReference: {fileID: 0}
    - target: {fileID: 1393001661345493281, guid: 390738c66bab1d64fa490e205f41a30f,
        type: 3}
      propertyPath: m_RootOrder
      value: 2
      objectReference: {fileID: 0}
    - target: {fileID: 1393001661345493281, guid: 390738c66bab1d64fa490e205f41a30f,
        type: 3}
      propertyPath: m_LocalEulerAnglesHint.x
      value: 0
      objectReference: {fileID: 0}
    - target: {fileID: 1393001661345493281, guid: 390738c66bab1d64fa490e205f41a30f,
        type: 3}
      propertyPath: m_LocalEulerAnglesHint.y
      value: 0
      objectReference: {fileID: 0}
    - target: {fileID: 1393001661345493281, guid: 390738c66bab1d64fa490e205f41a30f,
        type: 3}
      propertyPath: m_LocalEulerAnglesHint.z
      value: 0
      objectReference: {fileID: 0}
    - target: {fileID: 3896265794236250049, guid: 390738c66bab1d64fa490e205f41a30f,
        type: 3}
      propertyPath: reachable
      value: 0
      objectReference: {fileID: 0}
    - target: {fileID: 3896265794236250049, guid: 390738c66bab1d64fa490e205f41a30f,
        type: 3}
      propertyPath: securityAddon
      value: 
      objectReference: {fileID: 1743807722966737848}
    - target: {fileID: 5717294487422263166, guid: 390738c66bab1d64fa490e205f41a30f,
        type: 3}
      propertyPath: alwaysRegular
      value: 0
      objectReference: {fileID: 0}
    - target: {fileID: 5717294487422263166, guid: 390738c66bab1d64fa490e205f41a30f,
        type: 3}
      propertyPath: securityAddon
      value: 
      objectReference: {fileID: 2985638303780259779}
    m_RemovedComponents: []
  m_SourcePrefab: {fileID: 100100000, guid: 390738c66bab1d64fa490e205f41a30f, type: 3}
--- !u!4 &6073911614143290914 stripped
Transform:
  m_CorrespondingSourceObject: {fileID: 1393001661345493281, guid: 390738c66bab1d64fa490e205f41a30f,
    type: 3}
  m_PrefabInstance: {fileID: 5124588195184881411}
  m_PrefabAsset: {fileID: 0}
--- !u!1 &2985638303780259779 stripped
GameObject:
  m_CorrespondingSourceObject: {fileID: 7958194758985771200, guid: 390738c66bab1d64fa490e205f41a30f,
    type: 3}
  m_PrefabInstance: {fileID: 5124588195184881411}
  m_PrefabAsset: {fileID: 0}
--- !u!1 &1743807722966737848 stripped
GameObject:
  m_CorrespondingSourceObject: {fileID: 6858153396107758779, guid: 390738c66bab1d64fa490e205f41a30f,
    type: 3}
  m_PrefabInstance: {fileID: 5124588195184881411}
  m_PrefabAsset: {fileID: 0}
--- !u!1001 &5297241954973613323
PrefabInstance:
  m_ObjectHideFlags: 0
  serializedVersion: 2
  m_Modification:
    m_TransformParent: {fileID: 4648015014277954392}
    m_Modifications:
    - target: {fileID: 3345791331310210541, guid: ade07b99e5bffac48ad00d520f67c0fd,
        type: 3}
      propertyPath: m_Name
      value: KeySpawn
      objectReference: {fileID: 0}
    - target: {fileID: 5057191478908044712, guid: ade07b99e5bffac48ad00d520f67c0fd,
        type: 3}
      propertyPath: m_LocalPosition.x
      value: -0.87
      objectReference: {fileID: 0}
    - target: {fileID: 5057191478908044712, guid: ade07b99e5bffac48ad00d520f67c0fd,
        type: 3}
      propertyPath: m_LocalPosition.y
      value: -0.76
      objectReference: {fileID: 0}
    - target: {fileID: 5057191478908044712, guid: ade07b99e5bffac48ad00d520f67c0fd,
        type: 3}
      propertyPath: m_LocalPosition.z
      value: 0
      objectReference: {fileID: 0}
    - target: {fileID: 5057191478908044712, guid: ade07b99e5bffac48ad00d520f67c0fd,
        type: 3}
      propertyPath: m_LocalRotation.x
      value: 0
      objectReference: {fileID: 0}
    - target: {fileID: 5057191478908044712, guid: ade07b99e5bffac48ad00d520f67c0fd,
        type: 3}
      propertyPath: m_LocalRotation.y
      value: 0
      objectReference: {fileID: 0}
    - target: {fileID: 5057191478908044712, guid: ade07b99e5bffac48ad00d520f67c0fd,
        type: 3}
      propertyPath: m_LocalRotation.z
      value: 0
      objectReference: {fileID: 0}
    - target: {fileID: 5057191478908044712, guid: ade07b99e5bffac48ad00d520f67c0fd,
        type: 3}
      propertyPath: m_LocalRotation.w
      value: 1
      objectReference: {fileID: 0}
    - target: {fileID: 5057191478908044712, guid: ade07b99e5bffac48ad00d520f67c0fd,
        type: 3}
      propertyPath: m_RootOrder
      value: 1
      objectReference: {fileID: 0}
    - target: {fileID: 5057191478908044712, guid: ade07b99e5bffac48ad00d520f67c0fd,
        type: 3}
      propertyPath: m_LocalEulerAnglesHint.x
      value: 0
      objectReference: {fileID: 0}
    - target: {fileID: 5057191478908044712, guid: ade07b99e5bffac48ad00d520f67c0fd,
        type: 3}
      propertyPath: m_LocalEulerAnglesHint.y
      value: 0
      objectReference: {fileID: 0}
    - target: {fileID: 5057191478908044712, guid: ade07b99e5bffac48ad00d520f67c0fd,
        type: 3}
      propertyPath: m_LocalEulerAnglesHint.z
      value: 0
      objectReference: {fileID: 0}
    m_RemovedComponents: []
  m_SourcePrefab: {fileID: 100100000, guid: ade07b99e5bffac48ad00d520f67c0fd, type: 3}
--- !u!1001 &6041014464386353785
PrefabInstance:
  m_ObjectHideFlags: 0
  serializedVersion: 2
  m_Modification:
    m_TransformParent: {fileID: 1157214311424509650}
    m_Modifications:
    - target: {fileID: 1393001661345493280, guid: 390738c66bab1d64fa490e205f41a30f,
        type: 3}
      propertyPath: m_Name
      value: Room LR (2)
      objectReference: {fileID: 0}
    - target: {fileID: 1393001661345493281, guid: 390738c66bab1d64fa490e205f41a30f,
        type: 3}
      propertyPath: m_LocalPosition.x
      value: 0
      objectReference: {fileID: 0}
    - target: {fileID: 1393001661345493281, guid: 390738c66bab1d64fa490e205f41a30f,
        type: 3}
      propertyPath: m_LocalPosition.y
      value: 0
      objectReference: {fileID: 0}
    - target: {fileID: 1393001661345493281, guid: 390738c66bab1d64fa490e205f41a30f,
        type: 3}
      propertyPath: m_LocalPosition.z
      value: 0
      objectReference: {fileID: 0}
    - target: {fileID: 1393001661345493281, guid: 390738c66bab1d64fa490e205f41a30f,
        type: 3}
      propertyPath: m_LocalRotation.x
      value: 0
      objectReference: {fileID: 0}
    - target: {fileID: 1393001661345493281, guid: 390738c66bab1d64fa490e205f41a30f,
        type: 3}
      propertyPath: m_LocalRotation.y
      value: 0
      objectReference: {fileID: 0}
    - target: {fileID: 1393001661345493281, guid: 390738c66bab1d64fa490e205f41a30f,
        type: 3}
      propertyPath: m_LocalRotation.z
      value: 0
      objectReference: {fileID: 0}
    - target: {fileID: 1393001661345493281, guid: 390738c66bab1d64fa490e205f41a30f,
        type: 3}
      propertyPath: m_LocalRotation.w
      value: 1
      objectReference: {fileID: 0}
    - target: {fileID: 1393001661345493281, guid: 390738c66bab1d64fa490e205f41a30f,
        type: 3}
      propertyPath: m_RootOrder
      value: 1
      objectReference: {fileID: 0}
    - target: {fileID: 1393001661345493281, guid: 390738c66bab1d64fa490e205f41a30f,
        type: 3}
      propertyPath: m_LocalEulerAnglesHint.x
      value: 0
      objectReference: {fileID: 0}
    - target: {fileID: 1393001661345493281, guid: 390738c66bab1d64fa490e205f41a30f,
        type: 3}
      propertyPath: m_LocalEulerAnglesHint.y
      value: 0
      objectReference: {fileID: 0}
    - target: {fileID: 1393001661345493281, guid: 390738c66bab1d64fa490e205f41a30f,
        type: 3}
      propertyPath: m_LocalEulerAnglesHint.z
      value: 0
      objectReference: {fileID: 0}
    - target: {fileID: 3896265794236250049, guid: 390738c66bab1d64fa490e205f41a30f,
        type: 3}
      propertyPath: reachable
      value: 0
      objectReference: {fileID: 0}
    - target: {fileID: 3896265794236250049, guid: 390738c66bab1d64fa490e205f41a30f,
        type: 3}
      propertyPath: securityAddon
      value: 
      objectReference: {fileID: 934761404326119106}
    - target: {fileID: 5717294487422263166, guid: 390738c66bab1d64fa490e205f41a30f,
        type: 3}
      propertyPath: reachable
      value: 0
      objectReference: {fileID: 0}
    - target: {fileID: 5717294487422263166, guid: 390738c66bab1d64fa490e205f41a30f,
        type: 3}
      propertyPath: securityAddon
      value: 
      objectReference: {fileID: 4441905334655001273}
    m_RemovedComponents: []
  m_SourcePrefab: {fileID: 100100000, guid: 390738c66bab1d64fa490e205f41a30f, type: 3}
--- !u!1 &4648015014277954393 stripped
GameObject:
  m_CorrespondingSourceObject: {fileID: 1393001661345493280, guid: 390738c66bab1d64fa490e205f41a30f,
    type: 3}
  m_PrefabInstance: {fileID: 6041014464386353785}
  m_PrefabAsset: {fileID: 0}
--- !u!4 &4648015014277954392 stripped
Transform:
  m_CorrespondingSourceObject: {fileID: 1393001661345493281, guid: 390738c66bab1d64fa490e205f41a30f,
    type: 3}
  m_PrefabInstance: {fileID: 6041014464386353785}
  m_PrefabAsset: {fileID: 0}
--- !u!1 &4441905334655001273 stripped
GameObject:
  m_CorrespondingSourceObject: {fileID: 7958194758985771200, guid: 390738c66bab1d64fa490e205f41a30f,
    type: 3}
  m_PrefabInstance: {fileID: 6041014464386353785}
  m_PrefabAsset: {fileID: 0}
--- !u!1 &934761404326119106 stripped
GameObject:
  m_CorrespondingSourceObject: {fileID: 6858153396107758779, guid: 390738c66bab1d64fa490e205f41a30f,
    type: 3}
  m_PrefabInstance: {fileID: 6041014464386353785}
  m_PrefabAsset: {fileID: 0}
--- !u!1001 &6512463331390938163
PrefabInstance:
  m_ObjectHideFlags: 0
  serializedVersion: 2
  m_Modification:
    m_TransformParent: {fileID: 1157214311424509650}
    m_Modifications:
    - target: {fileID: 2625717081278709991, guid: 8abdde931c053eb4090664baa3fdfc7c,
        type: 3}
      propertyPath: m_Name
      value: WeakWallSpawnPoint
      objectReference: {fileID: 0}
    - target: {fileID: 2625717081278710009, guid: 8abdde931c053eb4090664baa3fdfc7c,
        type: 3}
      propertyPath: m_LocalPosition.x
      value: -9.14
      objectReference: {fileID: 0}
    - target: {fileID: 2625717081278710009, guid: 8abdde931c053eb4090664baa3fdfc7c,
        type: 3}
      propertyPath: m_LocalPosition.y
      value: 1.99
      objectReference: {fileID: 0}
    - target: {fileID: 2625717081278710009, guid: 8abdde931c053eb4090664baa3fdfc7c,
        type: 3}
      propertyPath: m_LocalPosition.z
      value: 0
      objectReference: {fileID: 0}
    - target: {fileID: 2625717081278710009, guid: 8abdde931c053eb4090664baa3fdfc7c,
        type: 3}
      propertyPath: m_LocalRotation.x
      value: 0
      objectReference: {fileID: 0}
    - target: {fileID: 2625717081278710009, guid: 8abdde931c053eb4090664baa3fdfc7c,
        type: 3}
      propertyPath: m_LocalRotation.y
      value: 0
      objectReference: {fileID: 0}
    - target: {fileID: 2625717081278710009, guid: 8abdde931c053eb4090664baa3fdfc7c,
        type: 3}
      propertyPath: m_LocalRotation.z
      value: 0
      objectReference: {fileID: 0}
    - target: {fileID: 2625717081278710009, guid: 8abdde931c053eb4090664baa3fdfc7c,
        type: 3}
      propertyPath: m_LocalRotation.w
      value: 1
      objectReference: {fileID: 0}
    - target: {fileID: 2625717081278710009, guid: 8abdde931c053eb4090664baa3fdfc7c,
        type: 3}
      propertyPath: m_RootOrder
      value: 0
      objectReference: {fileID: 0}
    - target: {fileID: 2625717081278710009, guid: 8abdde931c053eb4090664baa3fdfc7c,
        type: 3}
      propertyPath: m_LocalEulerAnglesHint.x
      value: 0
      objectReference: {fileID: 0}
    - target: {fileID: 2625717081278710009, guid: 8abdde931c053eb4090664baa3fdfc7c,
        type: 3}
      propertyPath: m_LocalEulerAnglesHint.y
      value: 0
      objectReference: {fileID: 0}
    - target: {fileID: 2625717081278710009, guid: 8abdde931c053eb4090664baa3fdfc7c,
        type: 3}
      propertyPath: m_LocalEulerAnglesHint.z
      value: 0
      objectReference: {fileID: 0}
    m_RemovedComponents: []
  m_SourcePrefab: {fileID: 100100000, guid: 8abdde931c053eb4090664baa3fdfc7c, type: 3}
--- !u!4 &9083902436503674058 stripped
Transform:
  m_CorrespondingSourceObject: {fileID: 2625717081278710009, guid: 8abdde931c053eb4090664baa3fdfc7c,
    type: 3}
  m_PrefabInstance: {fileID: 6512463331390938163}
  m_PrefabAsset: {fileID: 0}
--- !u!1001 &7204497492744501494
PrefabInstance:
  m_ObjectHideFlags: 0
  serializedVersion: 2
  m_Modification:
    m_TransformParent: {fileID: 1157214311424509650}
    m_Modifications:
    - target: {fileID: 1393001661345493280, guid: 4d212de21a5860b4db6b483272021343,
        type: 3}
      propertyPath: m_Name
      value: Room B (1)
      objectReference: {fileID: 0}
    - target: {fileID: 1393001661345493281, guid: 4d212de21a5860b4db6b483272021343,
        type: 3}
      propertyPath: m_LocalPosition.x
      value: -8
      objectReference: {fileID: 0}
    - target: {fileID: 1393001661345493281, guid: 4d212de21a5860b4db6b483272021343,
        type: 3}
      propertyPath: m_LocalPosition.y
      value: 4
      objectReference: {fileID: 0}
    - target: {fileID: 1393001661345493281, guid: 4d212de21a5860b4db6b483272021343,
        type: 3}
      propertyPath: m_LocalPosition.z
      value: 0
      objectReference: {fileID: 0}
    - target: {fileID: 1393001661345493281, guid: 4d212de21a5860b4db6b483272021343,
        type: 3}
      propertyPath: m_LocalRotation.x
      value: 0
      objectReference: {fileID: 0}
    - target: {fileID: 1393001661345493281, guid: 4d212de21a5860b4db6b483272021343,
        type: 3}
      propertyPath: m_LocalRotation.y
      value: 0
      objectReference: {fileID: 0}
    - target: {fileID: 1393001661345493281, guid: 4d212de21a5860b4db6b483272021343,
        type: 3}
      propertyPath: m_LocalRotation.z
      value: 0
      objectReference: {fileID: 0}
    - target: {fileID: 1393001661345493281, guid: 4d212de21a5860b4db6b483272021343,
        type: 3}
      propertyPath: m_LocalRotation.w
      value: 1
      objectReference: {fileID: 0}
    - target: {fileID: 1393001661345493281, guid: 4d212de21a5860b4db6b483272021343,
        type: 3}
      propertyPath: m_RootOrder
      value: 4
      objectReference: {fileID: 0}
    - target: {fileID: 1393001661345493281, guid: 4d212de21a5860b4db6b483272021343,
        type: 3}
      propertyPath: m_LocalEulerAnglesHint.x
      value: 0
      objectReference: {fileID: 0}
    - target: {fileID: 1393001661345493281, guid: 4d212de21a5860b4db6b483272021343,
        type: 3}
      propertyPath: m_LocalEulerAnglesHint.y
      value: 0
      objectReference: {fileID: 0}
    - target: {fileID: 1393001661345493281, guid: 4d212de21a5860b4db6b483272021343,
        type: 3}
      propertyPath: m_LocalEulerAnglesHint.z
      value: 0
      objectReference: {fileID: 0}
    - target: {fileID: 3734515531727434963, guid: 4d212de21a5860b4db6b483272021343,
        type: 3}
      propertyPath: reachable
      value: 0
      objectReference: {fileID: 0}
    - target: {fileID: 3734515531727434963, guid: 4d212de21a5860b4db6b483272021343,
        type: 3}
      propertyPath: securityAddon
      value: 
      objectReference: {fileID: 1982835830404946772}
    m_RemovedComponents: []
  m_SourcePrefab: {fileID: 100100000, guid: 4d212de21a5860b4db6b483272021343, type: 3}
--- !u!4 &8119827319297444311 stripped
Transform:
  m_CorrespondingSourceObject: {fileID: 1393001661345493281, guid: 4d212de21a5860b4db6b483272021343,
    type: 3}
  m_PrefabInstance: {fileID: 7204497492744501494}
  m_PrefabAsset: {fileID: 0}
--- !u!1 &1982835830404946772 stripped
GameObject:
  m_CorrespondingSourceObject: {fileID: 8682930060724691874, guid: 4d212de21a5860b4db6b483272021343,
    type: 3}
  m_PrefabInstance: {fileID: 7204497492744501494}
  m_PrefabAsset: {fileID: 0}
--- !u!1001 &7578530618365090129
PrefabInstance:
  m_ObjectHideFlags: 0
  serializedVersion: 2
  m_Modification:
    m_TransformParent: {fileID: 6073911614143290914}
    m_Modifications:
    - target: {fileID: 3345791331310210541, guid: ade07b99e5bffac48ad00d520f67c0fd,
        type: 3}
      propertyPath: m_Name
      value: KeySpawn
      objectReference: {fileID: 0}
    - target: {fileID: 5057191478908044712, guid: ade07b99e5bffac48ad00d520f67c0fd,
        type: 3}
      propertyPath: m_LocalPosition.x
      value: -0.19000006
      objectReference: {fileID: 0}
    - target: {fileID: 5057191478908044712, guid: ade07b99e5bffac48ad00d520f67c0fd,
        type: 3}
      propertyPath: m_LocalPosition.y
      value: 0.27
      objectReference: {fileID: 0}
    - target: {fileID: 5057191478908044712, guid: ade07b99e5bffac48ad00d520f67c0fd,
        type: 3}
      propertyPath: m_LocalPosition.z
      value: 0
      objectReference: {fileID: 0}
    - target: {fileID: 5057191478908044712, guid: ade07b99e5bffac48ad00d520f67c0fd,
        type: 3}
      propertyPath: m_LocalRotation.x
      value: 0
      objectReference: {fileID: 0}
    - target: {fileID: 5057191478908044712, guid: ade07b99e5bffac48ad00d520f67c0fd,
        type: 3}
      propertyPath: m_LocalRotation.y
      value: 0
      objectReference: {fileID: 0}
    - target: {fileID: 5057191478908044712, guid: ade07b99e5bffac48ad00d520f67c0fd,
        type: 3}
      propertyPath: m_LocalRotation.z
      value: 0
      objectReference: {fileID: 0}
    - target: {fileID: 5057191478908044712, guid: ade07b99e5bffac48ad00d520f67c0fd,
        type: 3}
      propertyPath: m_LocalRotation.w
      value: 1
      objectReference: {fileID: 0}
    - target: {fileID: 5057191478908044712, guid: ade07b99e5bffac48ad00d520f67c0fd,
        type: 3}
      propertyPath: m_RootOrder
      value: 1
      objectReference: {fileID: 0}
    - target: {fileID: 5057191478908044712, guid: ade07b99e5bffac48ad00d520f67c0fd,
        type: 3}
      propertyPath: m_LocalEulerAnglesHint.x
      value: 0
      objectReference: {fileID: 0}
    - target: {fileID: 5057191478908044712, guid: ade07b99e5bffac48ad00d520f67c0fd,
        type: 3}
      propertyPath: m_LocalEulerAnglesHint.y
      value: 0
      objectReference: {fileID: 0}
    - target: {fileID: 5057191478908044712, guid: ade07b99e5bffac48ad00d520f67c0fd,
        type: 3}
      propertyPath: m_LocalEulerAnglesHint.z
      value: 0
      objectReference: {fileID: 0}
    m_RemovedComponents: []
  m_SourcePrefab: {fileID: 100100000, guid: ade07b99e5bffac48ad00d520f67c0fd, type: 3}
